Map: Dusk Towers

Players

LindyHop

  • Race: Zerg Zerg
  • League: Platinum

NrGPrO - Winner!

  • Race: Zerg Zerg
  • League: Diamond

VOD

Have the link to the VOD?

Description

Time

  • Played on: Jan. 10, 2016, 6:07 a.m.
  • Length: 4:01
Show
View Real Time Build Order
Export as new Build Order

LindyHop Zerg 

Build Orders: Pool First 

Get SALT Encoding   

  12  0:01  Drone  
  13  0:15  Overlord  
  13  0:19  Drone  
  14  0:33  Drone x2  
  16  0:49  Spawning Pool  
  15  0:51  Drone  
  15  0:52  Drone  
  15  0:53  Extractor  
  16  0:59  Drone  
  17  1:10  Drone  
  18  1:23  Overlord  
  18  1:36  Queen  
  20  1:46  Zergling x4  
  22  1:48  Hatchery  
  22  1:54  Metabolic Boost  
  21  1:59  Drone  
  22  2:14  Baneling Nest  
  21  2:20  Zergling x4  
  23  2:26  Zergling x2  
  24  2:36  Zergling x2  
  25  2:57  Baneling x4  
  25  2:59  Zergling x6  
  25  3:01  Queen  
  25  3:03  Zergling x2  
  31  3:17  Zergling x2  
  31  3:19  Baneling x3  
  32  3:23  Zergling x2  
  32  3:24  Zergling x2  
  32  3:25  Zergling x4  
Show
View Real Time Build Order
Export as new Build Order

NrGPrO Zerg - Winner!

Build Orders: Hatch First 

Get SALT Encoding   

  12  0:01  Drone  
  13  0:12  Overlord  
  13  0:17  Drone  
  14  0:30  Drone x2  
  16  0:37  Drone  
  17  0:53  Hatchery  
  16  0:59  Drone  
  17  1:09  Spawning Pool  
  16  1:12  Drone  
  17  1:20  Drone  
  17  1:25  Drone  
  19  1:30  Drone  
  20  1:39  Overlord  
  20  1:51  Drone  
  21  1:56  Queen  
  23  2:05  Drone, Queen  
  26  2:14  Drone x2  
  28  2:17  Extractor  
  28  2:19  Drone  
  28  2:23  Drone  
  28  2:24  Roach Warren  
  28  2:28  Drone  
  29  2:32  Queen  
  29  2:34  Spine Crawler  
  30  2:41  Drone  
  31  2:46  Queen  
  33  3:02  Overlord  
  33  3:17  Drone  
  33  3:18  Drone x2  
  36  3:23  Overlord  
  36  3:24  Drone x2  
  36  3:25  Drone x2  
  40  3:28  Extractor  
  40  3:30  Drone x2  
  41  3:39  Extractor  
  40  3:42  Overlord  
Tags
 
Add a new tag
Caveats
  • Supply blocks, unpowered buildings, or Contaminate may cause inaccurate times.
  • Supply counts are checked every 10 seconds.